 Dungeon Sprint DCSS version 0.17-a0-1311-gbcbd859 (webtiles) character file.

18 nuthulu the Shield-Bearer (level 5, 0/37 HPs)
             Began as a Gargoyle Fighter on June 8, 2015.
             Was a Follower of Okawaru.
             Slain by a blink frog (5 damage)
             ... in the Dungeon (Sprint VI: "Thunderdome").
             The game lasted 00:02:18 (266 turns).

nuthulu the Shield-Bearer (Gargoyle Fighter)         Turns: 266, Time: 00:02:18

Health: 0/37       AC: 11    Str: 21    XL:     5   Next: 59%
Magic:  5/5        EV:  8    Int:  8    God:    Okawaru [*.....]
Gold:   250        SH: 10    Dex:  9    Spells: 0 memorised, 4 levels left

rFire  . . .     SeeInvis .     a - +0 flail
rCold  . . .     Clarity  .     b - +0 scale mail
rNeg   + . .     SustAt   .     c - +0 shield
rPois  ∞         Gourm    .     (no helmet)
rElec  +         Spirit   .     (no cloak)
rCorr  .         Warding  .     (no gloves)
rMut   .         NoTele   +     (no boots)
MR     .....                    (no amulet)
Stlth  ..........               (no ring)
                                (no ring)

@: not resistant to hostile enchantments, extremely unstealthy
A: negative energy resistance 1, electricity resistance, unbreathing,
petrification resistance, rot immunity, AC +4
a: Heroism, Renounce Religion


You were in the Dungeon.
You worshipped Okawaru.
Okawaru was aware of your devotion.
You were not hungry.

You visited 1 branch You collected 250 gold pieces.

Inventory:

Hand weapons
 a - a +0 flail (weapon)
Armour
 b - a +0 scale mail (worn)
 c - a +0 shield (worn)
Magical devices
 m - a wand of cold (5)
 n - a wand of fire (5)
Scrolls
 k - 4 scrolls of blinking
 o - 3 scrolls of fog
Potions
 d - a potion of might
 f - a potion of curing
 g - 3 potions of heal wounds
 h - 4 potions of haste
 i - 2 potions of magic
 j - a potion of berserk rage
 l - a potion of resistance
Comestibles
 e - a bread ration


   Skills:
 * Level 6.8 Fighting
 * Level 4.4 Maces & Flails
 * Level 7.0 Armour
 + Level 1.4 Dodging
 + Level 0.5 Stealth
 * Level 7.4 Shields


You had 4 spell levels left.
You didn't know any spells.

Dungeon Overview and Level Annotations

Branches:
Dungeon (1/1)

Altars:
Cheibriados
Dithmenos
Fedhas
Gozag
Kikubaaqudgha
Makhleb
Okawaru
Qazlal
Ru
Sif Muna
Trog
Vehumet
Xom
Yredelemnul
Zin
The Shining One
Jiyva
Lugonu

Shops:
D *[%??*?*:[((!!!!


Innate Abilities, Weirdness & Mutations

You are resistant to torment.
Your stone body is resilient (AC +4).
You are immune to poison.
You resist negative energy.
You are resistant to electric shocks.
You can survive without breathing.
You are immune to petrification.
You are immune to rotting.


Message History

You have reached level 5!
The giant frog hits you but does no damage.
A blink frog comes into view.
The blink frog croaks.
The blink frog hits you.
* * * LOW HITPOINT WARNING * * *
The blink frog hits you.
* * * LOW HITPOINT WARNING * * *
You sock the spiny frog!
The spiny frog is moderately wounded.
The spiny frog misses you. The blink frog closely misses you.
The giant frog hits you but does no damage.
You hit the giant frog.
The giant frog is lightly wounded.
The giant frog closely misses you.
The blink frog hits you but does no damage.
The giant frog hits you but does no damage.
You block the spiny frog's attack. The giant frog barely misses you.
The blink frog hits you.
You die...

#_......._# #_......._#
#_......._# ###.........###
#⌠...........⌠#
######.8.........8.####
##∩.__......###......._.
###∩.....FF†8.# #.8.......
##........@F...###.........
#⌠........FF###...###......
#⌠..........# #.<.# #......
#⌠..........###..F###......
##.............###.........
###∩........8.# #.8.......
##∩___......###........_
######.8.........8.####
#⌠...........F#


You could see a spiny frog, a blink frog and 3 giant frogs.

Vanquished Creatures
  A giant frog (D)
  A jelly (D)
  2 hounds (D)
  4 oozes (D)
8 creatures vanquished.

Notes
Turn   | Place    | Note
--------------------------------------------------------------
     0 | D        | nuthulu the Gargoyle Fighter began the quest for the Orb.
     0 | D        | Reached XP level 1. HP: 14/14 MP: 1/1
     2 | D        | Found a snail-covered altar of Cheibriados.
     3 | D        | Found a glowing golden altar of the Shining One.
     4 | D        | Found Taisar's Do-It-Yourself Clinic.
     4 | D        | Found a corrupted altar of Lugonu.
     4 | D        | Found Mypheg's Distillery.
     5 | D        | Found Qeulor's Bottled Wisdom.
     5 | D        | Found Idwif's Distillery.
     5 | D        | Round 1.
    16 | D        | Found a sacrificial altar of Ru.
    16 | D        | Found a basalt altar of Yredelemnul.
    17 | D        | Found an ancient bone altar of Kikubaaqudgha.
    17 | D        | Found a viscous altar of Jiyva.
    18 | D        | Found a deep blue altar of Sif Muna.
    18 | D        | Found a radiant altar of Vehumet.
    19 | D        | Found a bloodstained altar of Trog.
    19 | D        | Found a burning altar of Makhleb.
    19 | D        | Found Qac Con's Magic Scroll Shop.
    19 | D        | Found Cifoafau's Staff Store.
    20 | D        | Found Afootoib's Magic Scroll Shop.
    20 | D        | Found Ismobb's Must-Have Magic.
    23 | D        | Found Wynney's Bee Food.
    24 | D        | Found Nazaveu's Jewellery.
    24 | D        | Found Emegamm's Advanced Armour.
    24 | D        | Found a blossoming altar of Fedhas.
    24 | D        | Found an iron altar of Okawaru.
    24 | D        | Found a glowing silver altar of Zin.
    24 | D        | Found Upa Reuwk's Identification Station.
    28 | D        | Found a shimmering altar of Xom.
    32 | D        | Became a worshipper of Warmaster Okawaru
    39 | D        | Reached skill level 4 in Fighting
   102 | D        | Found a shadowy altar of Dithmenos.
   103 | D        | Found an opulent altar of Gozag.
   103 | D        | Found Itebbitt's Premium Goods.
   104 | D        | Found Hati's Miscellaneous Merchandise.
   104 | D        | Found Nazaveu's Basic Armour.
   105 | D        | Found a stormy altar of Qazlal.
   105 | D        | Found Icweits's Weapon Rack.
   122 | D        | Noticed a jelly
   129 | D        | Killed a jelly
   129 | D        | Reached skill level 5 in Fighting
   129 | D        | Reached skill level 5 in Armour
   129 | D        | Reached skill level 5 in Shields
   129 | D        | Reached XP level 2. HP: 3/21 MP: 2/2
   129 | D        | Reached XP level 3. HP: 3/26 MP: 3/3
   170 | D        | Arena points: 6 (+6) [x1]
   185 | D        | Round 2.
   205 | D        | Reached skill level 6 in Fighting
   205 | D        | Reached XP level 4. HP: 16/32 MP: 4/4
   231 | D        | Noticed a gnoll sergeant
   235 | D        | Arena points: 18 (+12) [x2]
   250 | D        | Round 3.
   251 | D        | Noticed a giant frog
   251 | D        | Noticed a giant frog
   258 | D        | Noticed a spiny frog
   260 | D        | Noticed a giant frog
   261 | D        | Noticed a giant frog
   261 | D        | Killed a giant frog
   261 | D        | Acquired Okawaru's first power
   261 | D        | Reached skill level 7 in Armour
   261 | D        | Reached skill level 1 in Dodging
   261 | D        | Reached XP level 5. HP: 11/37 MP: 5/5
   262 | D        | Noticed a blink frog
   266 | D        | Slain by a blink frog

Vault maps used:
D:        arena_sprint

Action                   |  1- 3 |  4- 6 || total
-------------------------+-------+-------++-------
Melee: Flail             |    36 |    14 ||    50
  Use: Potion            |     1 |       ||     1
